 Dungeon Crawl Stone Soup version 0.24.0-41-g2ae2f7f1be (webtiles) character file.

Game seed: 14916603067520259361, levelgen mode: deterministic

3101 Kobolds4U the Destroyer (level 9, -4/45 HPs)
             Began as a Deep Elf Conjurer on Dec 14, 2019.
             Was an Initiate of Qazlal.
             Slain by Harold
             ... wielding a +2 mace of draining
              (8 damage)
             ... on level 8 of the Dungeon on Dec 15, 2019.
             The game lasted 00:25:18 (8882 turns).

Kobolds4U the Destroyer (Deep Elf Conjurer)         Turns: 8882, Time: 00:25:18

Health: -4/45      AC:  6    Str:  7    XL:     9   Next: 59%
Magic:  0/20       EV: 16    Int: 24    God:    Qazlal [......]
Gold:   451        SH:  0    Dex: 15    Spells: 1/20 levels left

rFire    . . .     SeeInvis .   F - +0 dagger (elec)
rCold    . . .     Gourm    .   (no shield)
rNeg     . . .     Faith    .   a - +0 robe
rPois    .         Spirit   +   (no helmet)
rElec    .         Reflect  .   v - scarf {Spirit}
rCorr    +         Harm     .   w - +2 pair of gloves
MR       .....                  f - +0 pair of boots
Stlth    ++........             (no amulet)
HPRegen  0.15/turn              e - +2 ring of strength
MPRegen  0.17/turn              A - ring of resist corrosion

@: heavily drained
A: no striking features
a: Renounce Religion


You were on level 8 of the Dungeon.
You worshipped Qazlal.
Qazlal was noncommittal.
You were near starving.

You visited 1 branch of the dungeon, and saw 8 of its levels.
You also visited: Sewer.

You collected 451 gold pieces.

Inventory:

Hand Weapons
 C - a +2 whip of venom
 F - a +0 dagger of electrocution (weapon)
 I - a +0 rapier
Armour
 a - a +0 robe (worn)
 f - a +0 pair of boots (worn)
 v - a scarf of spirit shield (worn)
 w - a +2 pair of gloves (worn)
Jewellery
 e - a +2 ring of strength (left hand)
 x - an uncursed ring of magical power {unknown}
 A - a ring of resist corrosion (right hand)
 K - an uncursed amulet of harm {unknown}
Wands
 G - a wand of random effects (30)
 J - a wand of digging (6)
Scrolls
 i - 3 scrolls of noise {unknown}
 j - 2 scrolls of random uselessness {unknown}
 l - a scroll of enchant weapon {unknown}
 m - 4 scrolls of enchant armour {unknown}
 p - a scroll of remove curse {unknown}
 r - a scroll of amnesia {unknown}
 y - a scroll of immolation {unknown}
 z - 2 scrolls of identify
 B - 3 scrolls of teleportation {unknown}
 D - 2 scrolls of fear
 E - a scroll of blinking {unknown}
 H - a scroll of fog {unknown}
Potions
 b - a potion of heal wounds
 d - 2 potions of flight
 g - 6 potions of curing
 h - 3 potions of haste
 k - 5 potions of might
 n - 2 potions of cancellation {unknown}
 o - 4 potions of magic
 q - 2 potions of mutation
 s - 2 potions of lignification
 t - a potion of brilliance
 u - a potion of agility
Comestibles
 c - 14 rations


   Skills:
 * Level 8.6(6.8) Dodging
 - Level 2.4(0.9) Stealth
 - Level 6.3(4.6) Spellcasting
 + Level 11.2(9.2) Conjurations
 - Level 5.0(3.3) Hexes
 - Level 2.0(0.5) Translocations
 - Level 2.0(0.5) Ice Magic


You had one spell level left.
You knew the following spells:

 Your Spells              Type           Power        Failure   Level  Hunger
a - Magic Dart            Conj           ####         1%          1    None
b - Searing Ray           Conj           ######       1%          2    None
c - Dazzling Spray        Conj/Hex       #####.       1%          3    ##.....
d - Fulminant Prism       Conj/Hex       #####.....   7%          4    ####...
e - Ensorcelled Hibernat  Hex/Ice        ##....       6%          2    None
f - Force Lance           Conj/Tloc      ####....     12%         4    ####...
g - Tukima's Dance        Hex            ###.....     7%          3    ##.....

Your spell library contained the following spells:

 Spells                   Type           Power        Failure   Level  Hunger
 Shock                    Conj/Air       ####         1%          1    None
 Corona                   Hex            ###....      2%          1    None
 Iskenderun's Mystic Bla  Conj           ######..     1%          4    ####...
 Static Discharge         Conj/Air       ####....     4%          3    ##.....
 Confuse                  Hex            ###.....     7%          3    ##.....
 Swiftness                Chrm/Air       #.......     14%         2    None
 Lightning Bolt           Conj/Air       ####......   36%         5    #####..
 Airstrike                Air            #.........   67%         4    ####...


Dungeon Overview and Level Annotations

Branches:
Dungeon (8/15)             Temple (0/1) D:7           Sewer (visited)
   Lair: D:8-11

Altars:
Elyvilon
Gozag
Kikubaaqudgha
Nemelex Xobeh
Qazlal
Sif Muna
Trog
Xom
The Shining One

Shops:
D:8 %

Annotations:
D:8 3 runed translucent doors, Harold; Rivaler's ghost, novice HOSu


Message History

Harold is lightly wounded.
Harold hits you but does no damage.
You feel drained.
The searing ray hits Harold!
Harold is moderately wounded.
You finish channeling your searing ray.
Harold hits you with a +2 mace of draining.
You feel drained.
Casting: Searing Ray (safe; 1% risk of failure)
Confirm with . or Enter, or press ? or * to list all spells.
Okay, then.
Casting: Searing Ray (safe; 1% risk of failure)
Confirm with . or Enter, or press ? or * to list all spells.
Aiming: Ensorcelled Hibernation (safe; 4% risk of failure)
Press: ? - help, Shift-Dir - straight line, f/p - Harold
Aim: Harold, wielding a +2 mace of draining and wearing a +3 chain mail of fire resistance (moderately wounded, blind, chance to defeat MR: 16%) Harold resists with almost no effort.
Harold hits you with a +2 mace of draining!!
* * * LOW HITPOINT WARNING * * *
You feel drained.
You die...

#.P..........#
#P............ #
#.PP###...... #.
##..P.#...P.#. #.
.##P.P.........
#.###.
##...P...#.#. #....
###P...###.. #@.#
##.#.# ##.
#.@########.#.###..
#...(..............
##.##############..
#.# #.. #.# #.. #.#
#.> #.# #.. #.# #..
#. #####..


You could see Harold (blind).

Vanquished Creatures
  Sigmund (D:2)
  2 sky beasts
  4 ice beasts
  5 ogres
  3 big kobolds (Sewer)
  5 bullfrogs
  2 scorpions
  A howler monkey (D:7)
  6 crimson imps
  2 bullfrog zombies
  A centaur zombie (D:5)
  3 jellies
  4 hounds
  An orc priest (D:4)
  2 orc wizards (D:7)
  A bullfrog skeleton (D:7)
  4 iguanas
  6 worker ants
  Natasha (twice) (D:2)
  A killer bee zombie (D:5)
  A hound skeleton (D:6)
  2 worker ant zombies
  14 adders
  2 shadow imps
  An ooze (Sewer)
  2 adder skeletons (D:5)
  A dart slug (D:1)
  5 worms
  10 leopard geckos
  14 orcs
  9 giant cockroaches
  6 goblins
  2 hobgoblins
  18 jackals
  6 ball pythons
  10 bats
  3 frilled lizards
  A jackal skeleton (D:5)
  12 kobolds
  A quokka zombie (D:5)
  7 rats
183 creatures vanquished.

Vanquished Creatures (others)
  2 fulminant prisms (D:8)
2 creatures vanquished.

Grand Total: 185 creatures vanquished

Notes
Turn   | Place    | Note
-------+----------+-------------------------------------------
     0 | D:1      | Kobolds4U the Deep Elf Conjurer began the quest for the
                  | Orb.
     0 | D:1      | Reached XP level 1. HP: 10/10 MP: 6/6
   342 | D:1      | Reached XP level 2. HP: 15/15 MP: 5/8
   346 | D:1      | Reached skill level 5 in Conjurations
   554 | D:1      | Learned a level 2 spell: Searing Ray
   727 | D:2      | Noticed Sigmund
   758 | D:2      | Reached XP level 3. HP: 19/19 MP: 4/9
  1171 | D:2      | Reached skill level 6 in Conjurations
  1181 | D:2      | Reached XP level 4. HP: 24/24 MP: 2/10
  1248 | D:2      | Learned a level 3 spell: Dazzling Spray
  1248 | D:2      | Found a shimmering blue altar of Sif Muna.
  1248 | D:2      | Noticed Natasha
  1255 | D:2      | Killed Natasha
  1279 | D:2      | Noticed Natasha
  1284 | D:2      | Killed Natasha
  1402 | D:2      | Found an opulent altar of Gozag.
  1451 | D:2      | Killed Sigmund
  1451 | D:2      | Reached skill level 8 in Conjurations
  1451 | D:2      | Reached XP level 5. HP: 21/28 MP: 6/11
  1451 | D:2      | Reached XP level 6. HP: 24/32 MP: 6/12
  1855 | D:3      | Found a glowing golden altar of the Shining One.
  2077 | D:3      | Found a bloodstained altar of Trog.
  2533 | D:4      | Reached skill level 9 in Conjurations
  2598 | D:4      | Reached XP level 7. HP: 36/36 MP: 2/13
  3224 | D:4      | Found a bloodstained altar of Trog.
  3487 | D:5      | Entered Level 5 of the Dungeon
  3950 | D:5      | Learned a level 4 spell: Fulminant Prism
  3953 | D:5      | Reached skill level 10 in Conjurations
  3953 | D:5      | Reached skill level 5 in Spellcasting
  4121 | D:5      | Reached XP level 8. HP: 41/41 MP: 12/19
  4561 | D:6      | Reached skill level 1 in Hexes
  4750 | D:6      | Found an opulent altar of Gozag.
  5017 | D:6      | Reached skill level 5 in Dodging
  5149 | D:6      | Found a glowing drain.
  5161 | Sewer    | Entered a sewer
  5834 | Sewer    | Learned a level 2 spell: Ensorcelled Hibernation
  5839 | Sewer    | Learned a level 4 spell: Force Lance
  5843 | Sewer    | Learned a level 3 spell: Tukima's Dance
  6127 | D:6      | Reached XP level 9. HP: 45/45 MP: 18/20
  6437 | D:7      | Reached skill level 1 in Translocations
  6534 | D:7      | Reached skill level 1 in Ice Magic
  6955 | D:7      | Found a sparkling altar of Nemelex Xobeh.
  7246 | D:7      | Found a staircase to the Ecumenical Temple.
  7428 | D:7      | Reached skill level 11 in Conjurations
  7506 | D:7      | Found a stormy altar of Qazlal.
  7899 | D:8      | Found Kulat's Food Boutique.
  7973 | D:8      | Found an ancient bone altar of Kikubaaqudgha.
  7982 | D:8      | Reached skill level 5 in Hexes
  8151 | D:8      | Found a shimmering altar of Xom.
  8151 | D:8      | Found a white marble altar of Elyvilon.
  8258 | D:7      | Became a worshipper of Qazlal Stormbringer
  8546 | D:8      | Noticed Rivaler's ghost (novice HOSu)
  8572 | D:8      | Found a runed translucent gate.
  8572 | D:8      | Found a runed translucent gate.
  8572 | D:8      | Found a runed translucent gate.
  8872 | D:8      | Noticed Harold
  8882 | D:8      | Slain by Harold

Levels and vault maps discovered:
D:1:      minmay_arrival_widening_spiral_wide, layout_basic
D:2:      layout_rooms, nicolae_overflow_crystal_walls,
          lemuel_coloured_pillars_altar, uniq_natasha, uniq_sigmund
D:3:      minmay_wonky_spiral, layout_rooms, nicolae_tso_carved_into_rock,
          fountainhead, serial_bayou_pond_d, trog_three_pillars_becter
D:4:      layout_basic, bloody_trog, first_ration, minmay_quadrilaterals
D:5:      layout_basic
D:6:      layout_loops_ring, portal_sewer_entry_f, grunt_gozag_breadcrumbs
D:7:      layout_basic, lemuel_crystal_altar,
          minmay_temple_entry_gardened_gates, basic_altar, grunt_ogre_cave
D:8:      layout_loops_ring, kiku_gazebo_garden_becter, minitemple,
          gammafunk_ghost_icy, serial_shops, nicolae_shop_behind_doors,
          uniq_harold

Skill      XL: |  1  2  3  4  5  6  7  8  9 |
---------------+----------------------------+-----
Conjurations   | 5 6 8 9 10 11 | 11.2
Spellcasting   | 6 |  6.3
Dodging        | 6 8 |  8.6
Hexes          | 3 5 |  5.0
Translocations | 2 |  2.0
Ice Magic      | 2 |  2.0
Stealth        | |  2.4

Action                   |  1- 3 |  4- 6 |  7- 9 || total
-------------------------+-------+-------+-------++-------
Melee: Unarmed           |     7 |       |       ||     7
       Dagger            |       |    23 |    52 ||    75
 Cast: Magic Dart        |    55 |    38 |   246 ||   339
       Searing Ray       |     1 |    13 |    33 ||    47
       Dazzling Spray    |       |     3 |    10 ||    13
       Force Lance       |       |       |     7 ||     7
       Fulminant Prism   |       |       |     2 ||     2
       Ensorcelled Hiber |       |       |     1 ||     1
  Use: Scroll            |       |       |    10 ||    10
       Potion            |       |       |     1 ||     1
 Stab: Sleeping          |       |     3 |     4 ||     7
  Eat: Chunk             |     1 |     4 |    16 ||    21
       Ration            |       |       |     1 ||     1
Armor: Robe              |     3 |     8 |    27 ||    38
Dodge: Dodged            |    19 |    29 |   111 ||   159
